 Dungeon Sprint DCSS version 0.30-a0-269-gf0224bf7b6 (webtiles) character file.

Game seed: 11358405964694123353

700 Hubris850 the Thaumaturge (level 7, -5/45 HPs)
             Began as a Djinni Fire Elementalist on Oct 14, 2022.
             Slain by a human
             ... wielding a +0 mace
              (11 damage)
             ... in the Dungeon (Sprint III: "The Ten Rune Challenge").
             The game lasted 00:06:13 (483 turns).

Hubris850 the Thaumaturge (Djinni Fire Elementalist) Turns: 483, Time: 00:06:14

Health: -5/45      AC:  3    Str:  7    XL:     7   Next: 98%
Gold:   29         EV: 13    Int: 19    God:
                   SH:  0    Dex: 13

rFire   + + .      SeeInvis .    m - +1 long sword (holy)
rCold   x . .      Faith    .    (no shield)
rNeg    + . .      Spirit   .    h - +1 robe {rN+}
rPois   ∞          Reflect  .    (no helmet)
rElec   .          Harm     .    (no cloak)
rCorr   .          Rampage  .    (no gloves)
Will    .....      NoTele   +    (boots unavailable)
Stlth   ++........               (no amulet)
HPRegen 0.27/turn                (no ring)
MPRegen 0.00/turn                (no ring)

@: flying
A: sickness immunity, fire resistance 2, cold vulnerability 1, float, innate
caster, HP casting, extra vitality 1
a: no special abilities


You were in the Dungeon.
You visited 1 branch You collected 29 gold pieces.

Inventory:

Hand Weapons
 g - a +0 club
 m - a +1 long sword of holy wrath (weapon)
Armour
 a - a +0 robe
 h - a +1 robe of positive energy (worn)
Scrolls
 f - a scroll of blinking
 i - 2 scrolls of torment {unknown}
 j - 2 scrolls of identify {unknown}
Potions
 b - 3 potions of curing
 c - 2 potions of heal wounds
 d - a potion of haste
 e - a potion of berserk rage
 k - a potion of flight {unknown}
 l - 5 potions of mutation


   Skills:
 - Level 0.1 Fighting
 - Level 3.2 Dodging
 - Level 2.1 Stealth
 + Level 12.5 Spellcasting


You had 12 spell levels left.
You knew the following spells:

 Your Spells              Type           Power      Damage    Failure   Level
a - Foxfire               Conj/Fire      100%       2x1d9     1%          1
b - Scorch                Fire           100%       2d10      1%          2
c - Kindle Blastsparks    Fire/Tloc/Air  100%       2d18      1%          3
d - Inner Flame           Hex/Fire       56%        N/A       1%          3
e - Flame Wave            Conj/Fire      56%        2d13      1%          4
f - Beastly Appendage     Tmut           100%       N/A       1%          1
g - Ensorcelled Hibernat  Hex/Ice        100%       N/A       1%          2
h - Vhi's Electric Charg  Tloc/Air       100%       N/A       1%          3
Your spell library was empty.

Dungeon Overview and Level Annotations

Branches:
Dungeon (1/1)

Altars:
Elyvilon
Okawaru
Trog
Uskayaw
Wu Jian
Zin
The Shining One


Innate Abilities, Weirdness & Mutations

You are immune to sickness and miasma.
You are immune to poison.
Your flesh is very heat resistant. (rF++)
You are vulnerable to cold. (rC-)
You float through the air rather than walking.
You learn spells naturally, not from books.
Your magical power is your life essence.
You have superior vitality. (+4 MHP)


Message History

A cloud of volatile blastsparks flares up around you!
You reach down and open the door.
A human comes into view.
Found a leather armour.
Found five altars.
Casting: Kindle Blastsparks (safe; 1% risk of failure)
Confirm with . or Enter, or press ? or * to list all spells.
Flames lash the human.
The human shouts!
The human is moderately wounded.
The human's fire resistance burns away.
You hear a shout!
A human comes into view. It is wielding a +0 mace.
Casting: Scorch (safe; 1% risk of failure)
Confirm with . or Enter, or press ? or * to list all spells.
You conjure some foxfire!
The human drinks a potion.
The human seems to grow stronger.
The foxfire hits the human!
The human is burned terribly!
The human is heavily wounded.
The foxfire hits the human but does no damage.
The human is heavily wounded.
The human drinks a potion.
The human goes berserk!
The cloud of blastsparks explodes!
The concussive blast engulfs the human!!
The human is burned terribly!
You kill the human!
The concussive blast engulfs you. You resist.
Your Spellcasting skill increases to level 12!
Casting: Foxfire (safe; 1% risk of failure)
Confirm with . or Enter, or press ? or * to list all spells.
A cloud of volatile blastsparks flares up around you!
The human hits you with a +0 mace!! The human attacks as you move away!
The human barely misses you.
Really fly into that cloud of blastsparks?
The cloud of blastsparks explodes!
The concussive blast engulfs you! You resist.
* * * LOW HITPOINT WARNING * * *
The concussive blast engulfs the human!
The human is moderately wounded.
The human is knocked back by the blast.
The human hits you with a +0 mace!
You die...

▓▓▓▓▓▓ ▓▓▓ '....♣♣
♣.######### #.....♣
♣.#___#___ #....♣♣♣
♣♣.#...#__
#....~.♣♣♣..###'#'###+##
#...~~♣.♣♣..#..†.......#
#..~~~~...♣.'.⌠p@......#
#..~≈≈~~~♣♣.#...######+#
#.~~≈~~~....#.⌠.#
#.~≈~~~.....#)..#
#.~~~.......#)###
#...†.......#.::#
............#___#
▓▓▓▓▓▓▓▓▓▓▓▓▓▓▓▓▓


You could see a human (berserk).

Vanquished Creatures
  A deep elf pyromancer (D)
  A water elemental (D)
  Jessica (D)
  A wizard (D)
  2 humans (D)
  A kobold demonologist (D)
  A phantom (D)
  2 endoplasms (D)
  A rat (D)
11 creatures vanquished.

Vanquished Creatures (others)
  44 foxfires (D)
44 creatures vanquished.

Grand Total: 55 creatures vanquished

Notes
Turn   | Place    | Note
-------+----------+-------------------------------------------
     0 | D        | Hubris850 the Djinni Fire Elementalist began the quest for
                  | the Orb.
     0 | D        | Hubris850 set off with the following spells memorised:
                  | Foxfire, Scorch, Kindle Blastsparks, Inner Flame, Flame
                  | Wave.
     0 | D        | Reached XP level 1. HP: 15/15 MP: 0/0
    35 | D        | Reached skill level 3 in Spellcasting
    45 | D        | Noticed Jessica
    71 | D        | Killed Jessica
    72 | D        | Reached skill level 4 in Spellcasting
    72 | D        | Reached XP level 2. HP: 12/21 MP: 0/0
    72 | D        | Reached XP level 3. HP: 15/25 MP: 0/0
    72 | D        | Learned a level 1 spell: Beastly Appendage
   205 | D        | Reached skill level 5 in Spellcasting
   205 | D        | Reached XP level 4. HP: 20/31 MP: 0/0
   251 | D        | Noticed a water elemental
   256 | D        | Killed a water elemental
   257 | D        | Reached skill level 7 in Spellcasting
   257 | D        | Reached XP level 5. HP: 14/35 MP: 0/0
   257 | D        | Learned a level 2 spell: Ensorcelled Hibernation
   349 | D        | Reached skill level 8 in Spellcasting
   452 | D        | Found a glowing silver altar of Zin.
   452 | D        | Found a glowing golden altar of the Shining One.
   452 | D        | Found a white marble altar of Elyvilon.
   453 | D        | Noticed a deep elf pyromancer
   456 | D        | Noticed a fire elemental
   457 | D        | Killed a deep elf pyromancer
   458 | D        | Reached skill level 11 in Spellcasting
   458 | D        | Reached XP level 6. HP: 36/40 MP: 0/0
   458 | D        | Reached XP level 7. HP: 41/45 MP: 0/0
   458 | D        | Learned a level 3 spell: Vhi's Electric Charge
   475 | D        | Found a hide-covered altar of Uskayaw.
   475 | D        | Found an iron altar of Okawaru.
   475 | D        | Found a bloodstained altar of Trog.
   475 | D        | Found an ornate altar of the Wu Jian Council.
   475 | D        | Noticed a human
   477 | D        | Noticed a human
   479 | D        | Killed a human
   480 | D        | Reached skill level 12 in Spellcasting
   483 | D        | Slain by a human

Illustrated notes

Levels and vault maps discovered:
D:        dungeon_sprint_mu [sprint_mu_entry_forest, sprint_mu_temple_rooms,
          sprint_mu_d1_horrors, sprint_mu_d2_genie, sprint_mu_d3_branching,
          sprint_mu_orc_legion, sprint_mu_elf_gauntlet, sprint_mu_hive_nellie,
          sprint_mu_lair_fedhas, sprint_mu_vaults_butterflies,
          sprint_mu_slime_circle, sprint_mu_shoals_archi,
          sprint_mu_snake_twists, sprint_mu_blade_basic,
          sprint_mu_crypt_chambers, sprint_mu_tomb_spiral,
          sprint_mu_vestibule_basic, sprint_mu_gehenna_hellfire,
          sprint_mu_dis_giant, sprint_mu_tartarus_statrot,
          sprint_mu_cocytus_islands, sprint_mu_zot1]

Skill      XL: |  1  2  3  4  5  6  7 |
---------------+----------------------+-----
Spellcasting   | 4 5 7 11 12 | 12.5
Dodging        | 3 |  3.2
Stealth        | 2 |  2.1
Fighting       | |  0.1

Action                   |  1- 3 |  4- 6 |  7- 9 || total
-------------------------+-------+-------+-------++-------
Melee: Unarmed           |     3 |       |       ||     3
       Punch             |     1 |       |       ||     1
       Club              |       |     2 |       ||     2
 Cast: Foxfire           |    20 |     4 |     1 ||    25
       Kindle Blastspark |     2 |     5 |     2 ||     9
       Scorch            |     1 |     3 |     1 ||     5
Dodge: Dodged            |     4 |     2 |     1 ||     7

Table legend: (Time is in decaauts)
 A = Elapsed time spent in this place.
 B = Non-inter-level travel time spent in this place.
 C = Inter-level travel time spent in this place.
 D = Time resting spent in this place.
 E = Time spent auto-exploring this place.
 F = Levels seen in this place.
 G = Mean time per level.
                   A        B        C        D        E       F      G
               +--------+--------+--------+--------+--------+-----+--------+
         Total |    487 |    487 |      0 |    232 |      2 |   1 |  487.0 |
       Dungeon |    487 |    487 |      0 |    232 |      2 |   1 |  487.0 |
               +--------+--------+--------+--------+--------+-----+--------+

Top non-repeatable levels by time:
       D: 487 daAuts
